 Dungeon Crawl Stone Soup version 0.28.0-45-g0d030f2227 (webtiles) character file.

Game seed: 3032974074304874257

63 MisterFreud the Slasher (level 4, -5/42 HPs)
             Began as a Naga Fighter on Apr 14, 2022.
             Slain by Crazy Yiuf
             ... wielding a +4 quarterstaff of chaos
              (11 damage)
             ... on level 2 of the Dungeon.
             The game lasted 00:01:35 (1899 turns).

MisterFreud the Slasher (Naga Fighter)              Turns: 1899, Time: 00:01:36

Health: -5/42      AC:  4    Str: 18    XL:     4   Next: 10%
Magic:  0/4        EV:  7    Int: 11    God:
Gold:   30         SH:  4    Dex: 10    Spells: 3/3 levels left

rFire   . . .      SeeInvis +   a - +0 long sword
rCold   . . .      Faith    .   c - +0 buckler
rNeg    . . .      Spirit   .   b - +0 scale mail
rPois   +          Reflect  .   (no helmet)
rElec   .          Harm     .   g - scarf {shadows}
rCorr   .          Rampage  .   (no gloves)
Will    .....                   (no barding)
Stlth   ..........              (no amulet)
HPRegen 0.14/turn               (no ring)
MPRegen 0.09/turn               (no ring)

@: lethally poisoned (-5 -> -11), short of breath, very slow
A: AC +1, large, see invisible, deformed body, poison resistance, slowness 2,
spit poison 1, naga tail 1
a: Spit Poison


You were on level 2 of the Dungeon.
You visited 1 branch of the dungeon, and saw 2 of its levels.

You collected 30 gold pieces.

Inventory:

Hand Weapons
 a - a +0 long sword (weapon)
Missiles
 h - 5 javelins
Armour
 b - a +0 scale mail (worn)
 c - a +0 buckler (worn)
 g - a scarf of shadows (worn)
Scrolls
 e - 2 scrolls of vulnerability {unknown}
Potions
 d - 3 potions of might
 f - a potion of curing {unknown}
 i - a potion of haste {unknown}
 j - 2 potions of mutation {unknown}


   Skills:
 - Level 3.0 Fighting
 + Level 4.2 Long Blades
 - Level 2.4 Armour
 - Level 2.4 Shields


You had 3 spell levels left.
You didn't know any spells.
Your spell library was empty.

Dungeon Overview and Level Annotations

Branches:
Dungeon (2/15)

Altars:
Fedhas

Annotations:
D:2 Crazy Yiuf


Innate Abilities, Weirdness & Mutations

Your serpentine skin is tough. (AC +1)
You have supernaturally acute eyesight. (SInv)
Armour fits poorly on your strangely shaped body.
Your system is resistant to poisons. (rPois)
You cover ground very slowly.
You can spit poison.
You have a snake-like lower body.


Message History

There is a stone staircase leading down here.
There is an open door here.
There is an escape hatch in the ceiling here.
You open the door.
There is an open door here.
There is an open door here.
Found four maces and a glowing mace.
You see here a +0 mace.
You see here a +0 mace.
You see here a +0 mace.
You see here a +0 mace.
You see here a +0 mace.
Found a runed translucent door.
Found a mace.
Crazy Yiuf shouts!
You open the door.
The splash of poison hits Crazy Yiuf.
Crazy Yiuf is poisoned.
Crazy Yiuf is moderately wounded.
Crazy Yiuf hits you with a +4 quarterstaff of chaos!
Crazy Yiuf draws strength from your wounds!
Unknown command.
You barely miss Crazy Yiuf.
Crazy Yiuf is lightly wounded.
Crazy Yiuf hits you with a +4 quarterstaff of chaos!
You are poisoned.
Unknown command.
You hit Crazy Yiuf.
Crazy Yiuf is moderately wounded.
You feel very sick.
Crazy Yiuf hits you with a +4 quarterstaff of chaos!
* * * LOW HITPOINT WARNING * * *
You feel your power leaking away.
Unknown command.
You closely miss Crazy Yiuf.
Crazy Yiuf is moderately wounded.
* * * LOW HITPOINT WARNING * * *
You feel sick. You block Crazy Yiuf's attack.
Crazy Yiuf whimpers, "Hah verde green!"
Crazy Yiuf hits you with a +4 quarterstaff of chaos!
You die...

#.# #......#.# #.
#.###.#..#.#.# #.
#.#........#.# #.
##'#.#.######## #.
...._#.# #.
.....#.###♣♣♣♣♣ #.
.....#..))).♣.♣♣♣ ###
#.
.....##))))).♣..♣#...#
#<
........))))♣♣♣♣@g...#
#. ....###))))♣♣
♣♣#..)# #.
....'...##♣♣ ### #.
....##### #. ....#####
#. ....'...# ##
....##### ....# ....#


You could see Crazy Yiuf (poisoned).

Vanquished Creatures
  An adder (D:2)
  An adder skeleton (D:2)
  A worm (D:2)
  A dart slug (D:1)
  4 endoplasms
  A giant cockroach (D:2)
  2 goblins
  3 hobgoblins
  7 jackals (D:1)
  6 kobolds
  2 quokkas (D:1)
  9 bats
  A frilled lizard (D:2)
  5 rats
44 creatures vanquished.

Notes
Turn   | Place    | Note
-------+----------+-------------------------------------------
     0 | D:1      | MisterFreud the Naga Fighter began the quest for the Orb.
     0 | D:1      | Reached XP level 1. HP: 21/21 MP: 1/1
   217 | D:1      | Reached XP level 2. HP: 25/28 MP: 2/2
   246 | D:1      | Reached skill level 3 in Long Blades
   536 | D:1      | Reached XP level 3. HP: 34/34 MP: 3/3
  1120 | D:2      | Found a blossoming altar of Fedhas.
  1205 | D:2      | Reached skill level 4 in Long Blades
  1309 | D:2      | Reached XP level 4. HP: 42/42 MP: 4/4
  1409 | D:2      | Found a faded altar of an unknown god.
  1891 | D:2      | Found a runed translucent door.
  1892 | D:2      | Noticed Crazy Yiuf
  1899 | D:2      | Slain by Crazy Yiuf

Illustrated notes

Levels and vault maps discovered:
D:1:      saegor_arrival_simple_b, layout_basic
D:2:      layout_basic, basic_altar, basic_ecumenical_altar,
          uniq_crazy_yiuf_cottage

Skill      XL: |  1  2  3 |
---------------+----------+-----
Long Blades    | 3 4 |  4.2
Fighting       | |  3.0
Armour         | |  2.4
Shields        | |  2.4

Action                   |  1- 3 |  4- 6 || total
-------------------------+-------+-------++-------
Melee: Long sword        |    73 |    12 ||    85
 Abil: Spit Poison       |    18 |     5 ||    23
Armor: Scale mail        |    37 |     9 ||    46
Dodge: Dodged            |    32 |     3 ||    35
Block: Buckler           |    11 |     3 ||    14
